[Event "Titled Tuesday Blitz July 4 Early 2023"]
[White "Nakamura, Hikaru"]
[Black "Trifan, Andrei Ioan"]
[WhiteFideId "2016192"]
[BlackFideId "12967068"]
[WhiteElo "3172"]
[BlackElo "2528"]
[Result "1-0"]
[Round "1"]
[TimeControl "180+2"]
[Date "2023.07.04"]
[WhiteClock "0:00:39"]
[BlackClock "0:00:13"]
[Board "1"]

1. Nf3 Nf6 2. b3 b6 3. e3 Bb7 4. Bb2 e6 5. d4 Be7 6. Bd3 O-O 7. Nbd2 d5 8. O-O Nbd7 9. Ne5 c5 10. Nxd7 Qxd7 11. Nf3 Rac8 12. Ne5 Qc7 13. dxc5 bxc5 14. c4 Rfd8 15. Qc2 d4 16. exd4 cxd4 17. Rae1 h6 18. Qd1 Bb4 19. Re2 Qa5 20. Qb1 Rc5 21. f4 Rcc8 22. f5 Re8 23. Qc1 Rcd8 24. a3 Bc3 25. b4 Bxb2 26. Qxb2 Qc7 27. Qd2 Re7 28. c5 Rde8 29. Nc4 exf5 30. Rxe7 Qxe7 31. Nd6 Qe3+ 32. Qxe3 Rxe3 33. Nxb7 Rxd3 34. c6 Rc3 35. Nc5 Ne8 36. Rxf5 Rxa3 37. Re5 Nc7 38. Re7 Nd5 39. Rd7 Nb6 40. c7 a5 41. Rd6 d3 42. Rxb6 d2 43. c8=Q+ Kh7 44. Qf5+ 1-0


[Site "https://www.chess.com"]

[Event "Titled Tuesday Blitz July 4 Early 2023"]
[White "ElDivis"]
[Black "Nihal Sarin"]
[BlackFideId "25092340"]
[WhiteElo "2527"]
[BlackElo "3130"]
[Result "0-1"]
[Round "1"]
[TimeControl "180+2"]
[Date "2023.07.04"]
[WhiteClock "0:00:36"]
[BlackClock "0:00:59"]
[Board "2"]

1. e4 c5 2. Nc3 Nc6 3. Nf3 g6 4. d4 cxd4 5. Nxd4 Bg7 6. Be3 Nf6 7. Nb3 O-O 8. f3 d6 9. Qd2 Be6 10. O-O-O Rc8 11. Kb1 a6 12. h4 h5 13. Be2 b5 14. g4 Ne5 15. g5 Nfd7 16. f4 Nc4 17. Bxc4 Bxc4 18. e5 Be6 19. Nd4 Bg4 20. e6 fxe6 21. Rdg1 e5 22. Rxg4 exd4 23. Bxd4 hxg4 24. h5 Rc4 25. Bxg7 Kxg7 26. hxg6 Rcxf4 27. Rh7+ Kxg6 28. Qd3+ R8f5 29. Rh1 Ne5 30. Qe2 Qa8 31. Rh6+ Kxg5 0-1


[Site "https://www.chess.com"]

[Event "Titled Tuesday Blitz July 4 Early 2023"]
[White "So, Wesley"]
[Black "Bethke, Richard"]
[WhiteFideId "5202213"]
[BlackFideId "12959243"]
[WhiteElo "3093"]
[BlackElo "2527"]
[Result "1-0"]
[Round "1"]
[TimeControl "180+2"]
[Date "2023.07.04"]
[WhiteClock "0:01:36"]
[BlackClock "0:01:41"]
[Board "3"]

1. d4 Nf6 2. Nf3 e6 3. g3 d5 4. Bg2 Be7 5. c4 O-O 6. O-O b6 7. cxd5 Nxd5 8. e4 Nf6 9. Nc3 Bb7 10. Re1 c5 11. d5 exd5 12. exd5 Na6 13. Nh4 Bd6 14. Nf5 h6 15. Ne4 Nxe4 16. Bxe4 Qf6 17. Nxd6 Qxd6 18. Bf4 Qf6 19. Be5 Qd8 20. Qg4 f6 21. Qe6+ 1-0


[Site "https://www.chess.com"]

[Event "Titled Tuesday Blitz July 4 Early 2023"]
[White "Droin, Augustin"]
[Black "Dubov, Daniil"]
[WhiteFideId "45105987"]
[BlackFideId "24126055"]
[WhiteElo "2527"]
[BlackElo "3084"]
[Result "0-1"]
[Round "1"]
[TimeControl "180+2"]
[Date "2023.07.04"]
[WhiteClock "0:00:14"]
[BlackClock "0:00:11"]
[Board "4"]

1. e4 c5 2. Nf3 e6 3. d4 cxd4 4. Nxd4 a6 5. g3 Nf6 6. Bg2 e5 7. Nb3 h6 8. c4 Bb4+ 9. N1d2 O-O 10. a3 Bxd2+ 11. Bxd2 Nc6 12. O-O d6 13. Be3 Ng4 14. Bd2 Be6 15. Rc1 Rc8 16. h3 Nf6 17. Be3 Qd7 18. Kh2 b5 19. Nd2 Qb7 20. Qe2 Rfd8 21. Rfd1 Na5 22. cxb5 axb5 23. f4 Nc4 24. Nxc4 Bxc4 25. Qf3 Bb3 26. Rxc8 Rxc8 27. Rxd6 Bc2 28. Rb6 Qd7 29. fxe5 Bxe4 30. Qf2 Rc2 31. Rb8+ Ne8 32. Bxe4 Rxf2+ 33. Bxf2 g6 34. b3 Kh7 35. Rb7 Qe6 36. Bd4 Ng7 37. Rxb5 Nf5 38. Bf2 Qc8 39. a4 Qc3 40. Bxf5 gxf5 41. a5 Qc2 42. Kg2 Qe4+ 43. Kg1 Qb1+ 44. Kg2 Qe4+ 45. Kg1 f4 46. gxf4 Qxf4 47. Rc5 Qb4 48. a6 Qxb3 49. a7 Qb1+ 50. Kg2 Qe4+ 51. Kg1 Qb1+ 52. Kg2 Qb7+ 53. Kg1 Qxa7 54. e6 Qa1+ 55. Kg2 fxe6 56. Rc7+ Kg6 57. Rc4 Qa8+ 58. Kg1 Qd5 59. Rg4+ Kf7 60. Be3 h5 61. Rf4+ Ke8 62. Kf2 Kd7 63. h4 Kc6 64. Rf3 Qa2+ 65. Kg3 Kd5 66. Rf4 Qe2 67. Bf2 e5 68. Rb4 Qd3+ 69. Kh2 Qd2 70. Rb5+ Kc4 71. Rc5+ Kb4 72. Kg3 Qxf2+ 73. Kxf2 Kxc5 74. Ke3 Kd5 75. Kd3 e4+ 76. Ke3 Ke5 77. Ke2 Kf4 78. Kf2 Kg4 79. Ke3 Kxh4 80. Kxe4 Kg3 0-1


[Site "https://www.chess.com"]

[Event "Titled Tuesday Blitz July 4 Early 2023"]
[White "Lazavik, Denis"]
[Black "robertoalejandro10"]
[WhiteFideId "13515110"]
[WhiteElo "3051"]
[BlackElo "2527"]
[Result "1-0"]
[Round "1"]
[TimeControl "180+2"]
[Date "2023.07.04"]
[WhiteClock "0:01:43"]
[BlackClock "0:00:07"]
[Board "5"]

1. d4 Nf6 2. c4 c5 3. d5 d6 4. Nc3 g6 5. e4 Bg7 6. Bd3 O-O 7. h3 Na6 8. Nf3 Nc7 9. Be3 a6 10. a4 Bd7 11. a5 Rb8 12. O-O b6 13. axb6 Rxb6 14. Qd2 Qb8 15. Ra2 Qb7 16. e5 Nfe8 17. Bh6 dxe5 18. Bxg7 Kxg7 19. Nxe5 Bc8 20. Na4 Rb4 21. Nxc5 Qb6 22. Ncd7 Bxd7 23. Nxd7 Qd6 24. Qc3+ f6 25. Nxf8 Kxf8 26. c5 Qf4 27. g3 Qd4 28. Qxd4 Rxd4 29. Bxa6 Rxd5 30. b4 f5 31. Rc1 Nf6 32. b5 Ne4 33. b6 Nxa6 34. Rxa6 Rxc5 35. Ra8+ Kf7 36. Rb1 Rc2 37. b7 Nxf2 38. b8=Q Nxh3+ 39. Kf1 Rf2+ 40. Ke1 Rg2 41. Qf8+ 1-0


[Site "https://www.chess.com"]

[Event "Titled Tuesday Blitz July 4 Early 2023"]
[White "Horobetz, Graham"]
[Black "Sarana, Alexey"]
[WhiteFideId "2047322"]
[BlackFideId "24133795"]
[WhiteElo "2525"]
[BlackElo "3040"]
[Result "0-1"]
[Round "1"]
[TimeControl "180+2"]
[Date "2023.07.04"]
[WhiteClock "0:00:00"]
[BlackClock "0:00:59"]
[Board "6"]

1. e4 c5 2. Nc3 d6 3. f4 Nc6 4. Nf3 Nf6 5. Bb5 Bd7 6. O-O a6 7. Bxc6 Bxc6 8. d3 e6 9. Qe1 Be7 10. Qg3 Nh5 11. Qh3 g6 12. f5 Qd7 13. fxe6 Qxe6 14. Ng5 Qxh3 15. Nxh3 O-O 16. Bh6 Rfe8 17. Rf2 Nf6 18. Bg5 Ng4 19. Rf4 h5 20. Raf1 f6 21. Bxf6 Bxf6 22. Rxf6 Nxf6 23. Rxf6 Kg7 24. Rxd6 Rad8 25. Rxd8 Rxd8 26. Kf2 Rf8+ 27. Ke2 Kf6 28. Nf4 h4 29. Ncd5+ Bxd5 30. Nxd5+ Ke5 31. c3 b5 32. Ne3 c4 33. dxc4 Kxe4 34. cxb5 axb5 35. a3 g5 36. h3 Rc8 37. Nc2 Kf4 38. Kf2 Rc5 39. Nd4 Re5 40. Nf3 Rf5 41. Nd4 Rd5 42. Nf3 Rd1 43. Ke2 Rb1 44. b4 Rb2+ 45. Kf1 Ra2 46. Nd4 Kg3 47. Ne2+ Kh2 48. Kf2 Rxa3 49. Kf3 Ra2 50. Nd4 Rxg2 51. Nxb5 Rg3+ 52. Kf2 Kxh3 53. c4 Rb3 54. c5 Rxb4 55. Nd6 Rb2+ 56. Ke3 g4 57. Ne4 Rc2 58. Kd3 Rc1 59. Nf2+ Kg3 60. Ne4+ Kf4 61. Nc3 Ke5 62. c6 Kd6 63. Ne2 Rxc6 0-1


[Site "https://www.chess.com"]

[Event "Titled Tuesday Blitz July 4 Early 2023"]
[White "Bluebaum, Matthias"]
[Black "Lana Rodriguez, David"]
[WhiteFideId "24651516"]
[BlackFideId "2270803"]
[WhiteElo "3033"]
[BlackElo "2525"]
[Result "1-0"]
[Round "1"]
[TimeControl "180+2"]
[Date "2023.07.04"]
[WhiteClock "0:00:26"]
[BlackClock "0:00:11"]
[Board "7"]

1. d4 Nf6 2. c4 e6 3. Nc3 Bb4 4. e3 d5 5. Bd2 O-O 6. Nf3 c5 7. a3 Bxc3 8. Bxc3 Nc6 9. dxc5 Ne4 10. Rc1 Nxc5 11. cxd5 Qxd5 12. Qxd5 exd5 13. Bxg7 Kxg7 14. Rxc5 Be6 15. Bb5 Rac8 16. Bxc6 Rxc6 17. Rxc6 bxc6 18. Kd2 c5 19. Rc1 c4 20. Nd4 Rb8 21. b4 cxb3 22. Rb1 Rb6 23. Rxb3 Ra6 24. Kc3 Kf6 25. Kb2 Ke5 26. Rb7 Ke4 27. Nxe6 fxe6 28. Rxh7 Kd3 29. h4 Rb6+ 30. Ka2 Rc6 31. Rf7 a5 32. Kb3 Rc4 33. Ra7 Rxh4 34. Rxa5 Rh2 35. Ra4 Rxg2 36. Ra6 Rxf2 37. Rxe6 Rf3 38. a4 Rxe3 39. Rh6 Re8 40. Rh3+ Kd2 41. a5 d4 42. Kc4 Re5 43. Ra3 Re3 44. Ra2+ Kc1 45. Kxd4 Re5 46. Kxe5 1-0


[Site "https://www.chess.com"]

[Event "Titled Tuesday Blitz July 4 Early 2023"]
[White "Rutvij09"]
[Black "Mamedov, Rauf"]
[BlackFideId "13401653"]
[WhiteElo "2525"]
[BlackElo "3031"]
[Result "0-1"]
[Round "1"]
[TimeControl "180+2"]
[Date "2023.07.04"]
[WhiteClock "0:00:17"]
[BlackClock "0:01:57"]
[Board "8"]

1. e4 c5 2. Nc3 Nc6 3. f4 g6 4. Nf3 Bg7 5. Bb5 Nd4 6. O-O a6 7. Bd3 d6 8. Nxd4 cxd4 9. Ne2 Nf6 10. c3 dxc3 11. dxc3 O-O 12. Qe1 Bd7 13. Qh4 Qb6+ 14. Kh1 Bb5 15. c4 Bc6 16. f5 Qc5 17. Bd2 b5 18. Rac1 bxc4 19. Rxc4 Qb6 20. Rb4 Qa7 21. Bh6 a5 22. Rc4 Bb5 23. Rc3 Qa6 24. Bxg7 Kxg7 25. Rf3 Bxd3 26. Rfxd3 Rab8 27. b3 a4 28. h3 axb3 29. axb3 Rbc8 30. Ng3 Rxc3 31. Rxc3 Qa1+ 0-1


[Site "https://www.chess.com"]

[Event "Titled Tuesday Blitz July 4 Early 2023"]
[White "Madaminov, Mukhiddin"]
[Black "Yelisieiev, Yevhenii"]
[WhiteFideId "14210703"]
[BlackFideId "14139642"]
[WhiteElo "3030"]
[BlackElo "2523"]
[Result "1-0"]
[Round "1"]
[TimeControl "180+2"]
[Date "2023.07.04"]
[WhiteClock "0:01:07"]
[BlackClock "0:00:04"]
[Board "9"]

1. e4 d6 2. d4 Nf6 3. Nc3 e5 4. Nf3 Nbd7 5. Rg1 g6 6. g4 Bg7 7. g5 Nh5 8. Be3 c6 9. Qd2 O-O 10. O-O-O Qa5 11. Kb1 b5 12. a3 Nb6 13. dxe5 dxe5 14. Bc5 Re8 15. h4 Be6 16. Qe3 Bc4 17. Bh3 Nf4 18. Bd7 Nxd7 19. Rxd7 Ne6 20. Bd6 Nd4 21. Nxe5 Bxe5 22. Bxe5 Nxc2 23. Kxc2 Rxe5 24. Qd4 Rae8 25. Rxa7 Qd8 26. Qxd8 Rxd8 27. Rd1 Rxd1 28. Kxd1 h6 29. f4 Re8 30. Rd7 hxg5 31. hxg5 Kg7 32. Kd2 Rh8 33. Ke3 Rh2 34. Rd2 Rh3+ 35. Kd4 Rf3 36. Ke5 Rf1 37. Nd1 Be6 38. Ne3 Rf3 39. Nc2 c5 40. b4 cxb4 41. axb4 Rb3 42. Nd4 Rxb4 43. Nxe6+ fxe6 44. Rd7+ Kf8 45. Kf6 Ke8 46. Re7+ Kd8 47. Rxe6 Rc4 48. Kxg6 Kc7 49. f5 b4 50. f6 b3 51. f7 b2 52. f8=Q b1=Q 53. Re7+ Kc6 54. Qc8+ Kd6 55. Re6# 1-0


[Site "https://www.chess.com"]

[Event "Titled Tuesday Blitz July 4 Early 2023"]
[White "Kuzmin, Roman"]
[Black "Martinez Alcantara, Jose Eduardo"]
[WhiteFideId "44134932"]
[BlackFideId "3805662"]
[WhiteElo "2522"]
[BlackElo "3024"]
[Result "0-1"]
[Round "1"]
[TimeControl "180+2"]
[Date "2023.07.04"]
[WhiteClock "0:00:13"]
[BlackClock "0:00:51"]
[Board "10"]

1. e4 c5 2. Nf3 d6 3. d4 cxd4 4. Nxd4 a6 5. c4 e6 6. b3 Nf6 7. Nc3 b6 8. Bb2 Bb7 9. Bd3 Nbd7 10. Qe2 Be7 11. O-O O-O 12. f4 Re8 13. Rae1 g6 14. Kh1 Bf8 15. Nf3 Bg7 16. Bb1 Nh5 17. Qd2 Qc7 18. f5 Rad8 19. fxe6 fxe6 20. Qg5 Qc5 21. e5 Bxf3 22. Rxf3 Nxe5 23. Rfe3 Nf6 24. Na4 Qc7 25. Rh3 b5 26. cxb5 axb5 27. Nc3 b4 28. Ne4 Nxe4 29. Bxe4 Qe7 30. Qg3 Rf8 31. Bb1 Rc8 32. Qe3 Ng4 33. Qe2 Nf2+ 0-1


[Site "https://www.chess.com"]

[Event "Titled Tuesday Blitz July 4 Early 2023"]
[White "Deac, Bogdan-Daniel"]
[Black "Rangel, Daniel"]
[WhiteFideId "1226380"]
[BlackFideId "2124475"]
[WhiteElo "3013"]
[BlackElo "2521"]
[Result "1-0"]
[Round "1"]
[TimeControl "180+2"]
[Date "2023.07.04"]
[WhiteClock "0:00:04"]
[BlackClock "0:00:00"]
[Board "11"]

1. b3 Nf6 2. Bb2 g6 3. Nf3 Bg7 4. g3 O-O 5. Bg2 d5 6. c4 c6 7. O-O Bg4 8. d3 Bxf3 9. Bxf3 e6 10. Nd2 Ne8 11. d4 Nd7 12. e4 dxc4 13. Nxc4 c5 14. e5 cxd4 15. Qxd4 Qc7 16. Rad1 Nb6 17. Ba3 Nxc4 18. Qxc4 Qxe5 19. Bxf8 Bxf8 20. Bxb7 Rb8 21. Bf3 Nd6 22. Qc7 Rc8 23. Qxa7 Rc2 24. Qd4 Qg5 25. a4 Nf5 26. Qd3 Rb2 27. Rb1 Ra2 28. Ra1 Rd2 29. Qe4 Bc5 30. Rad1 Nxg3 31. hxg3 Qxg3+ 32. Bg2 Rxf2 33. Rxf2 Bxf2+ 34. Kf1 Be3 35. Qf3 Qg5 36. Rd7 Bf4 37. Rd4 e5 38. Rxf4 exf4 39. Qe4 Qc5 40. Qc4 Qe3 41. Qd5 Qc1+ 42. Ke2 Qe3+ 43. Kd1 Qg1+ 44. Kc2 Qf2+ 45. Kc3 h5 46. a5 h4 47. a6 h3 48. Bf3 Qe3+ 49. Kb4 h2 50. Kb5 Kg7 51. b4 g5 52. Qxg5+ Kf8 53. Qd5 Qe8+ 54. Ka5 Qe3 55. b5 Qa3+ 56. Kb6 Qe3+ 57. Kb7 Qe7+ 58. Kc6 Qe8+ 59. Kc7 Qe7+ 60. Kb8 Qe8+ 61. Ka7 Qe7+ 62. Kb6 Qe3+ 63. Kc6 Qe8+ 64. Kc5 Qe7+ 65. Kc4 Qe3 66. a7 Qxa7 67. Qd8+ Kg7 68. Qd4+ Kf8 69. Qxa7 1-0


[Site "https://www.chess.com"]

[Event "Titled Tuesday Blitz July 4 Early 2023"]
[White "Vyatkin, Dmitry"]
[Black "Kamsky, Gata"]
[WhiteFideId "4171900"]
[BlackFideId "2000024"]
[WhiteElo "2520"]
[BlackElo "3006"]
[Result "1/2-1/2"]
[Round "1"]
[TimeControl "180+2"]
[Date "2023.07.04"]
[WhiteClock "0:00:16"]
[BlackClock "0:00:29"]
[Board "12"]

1. d4 Nf6 2. c4 g6 3. g3 c6 4. Bg2 d5 5. Nd2 Bg7 6. Ngf3 O-O 7. O-O a5 8. b3 Bf5 9. Ba3 Re8 10. Re1 Ne4 11. e3 Nxd2 12. Qxd2 Be4 13. Red1 e6 14. Bb2 Nd7 15. a4 Qb6 16. Qc3 Nb8 17. Ne5 Bxg2 18. Kxg2 Na6 19. Rac1 Nb4 20. Qd2 Na2 21. Rb1 Qxb3 22. Ba1 Qxa4 23. cxd5 Nb4 24. dxc6 bxc6 25. Nc4 Reb8 26. Bc3 Nd5 27. Rxb8+ Rxb8 28. Nxa5 c5 29. Ra1 Qb5 30. Kg1 h5 31. h4 Ra8 32. Nb3 Rxa1+ 33. Nxa1 cxd4 34. Bxd4 Qb1+ 35. Kg2 Qe4+ 36. Kg1 Bxd4 37. Qxd4 Qb1+ 38. Kg2 Qa2 39. e4 Ne7 40. Qd8+ Kg7 41. Qxe7 Qxa1 42. Qb4 Qe5 43. f4 Qc7 44. e5 Qc2+ 45. Kf3 Qc6+ 46. Kf2 Qh1 47. Qe7 Qh2+ 48. Kf3 Qg1 49. Qf6+ Kg8 50. Qd8+ Kh7 51. Qf8 Qa7 52. Kg2 Qb7+ 53. Kf2 Qd7 54. Kg2 Qd5+ 55. Kf2 Qd2+ 56. Kf3 Qd3+ 57. Kf2 Qd2+ 58. Kf3 Qd3+ 59. Kf2 Qd2+ 1/2-1/2


[Site "https://www.chess.com"]

[Event "Titled Tuesday Blitz July 4 Early 2023"]
[White "Pranav, V"]
[Black "Kirillov, Dmitry"]
[WhiteFideId "25060783"]
[BlackFideId "34180572"]
[WhiteElo "3002"]
[BlackElo "2519"]
[Result "1-0"]
[Round "1"]
[TimeControl "180+2"]
[Date "2023.07.04"]
[WhiteClock "0:00:10"]
[BlackClock "0:00:02"]
[Board "13"]

1. c4 e5 2. Nc3 Nf6 3. g3 d5 4. cxd5 Nxd5 5. Bg2 Nb6 6. Nf3 Nc6 7. d3 Be7 8. a3 O-O 9. b4 Be6 10. O-O a5 11. b5 Nd4 12. Nd2 Qc8 13. Rb1 a4 14. Bb2 Rd8 15. Nf3 f6 16. Nxd4 exd4 17. Ne4 Bb3 18. Qc1 Qd7 19. Nc5 Qxb5 20. Nxb3 axb3 21. Bxb7 Rab8 22. Bc6 Qh5 23. a4 Bb4 24. Bf3 Qa5 25. Qxc7 Nxa4 26. Qc4+ Kh8 27. Bxd4 Rbc8 28. Qe6 Bc5 29. Bxc5 Nxc5 30. Qf5 Nb7 31. Qh3 Nc5 32. Kg2 Rb8 33. Qf5 Nb7 34. Qf4 Nc5 35. Rfc1 Na4 36. Rc4 Nc3 37. Qd2 Qa2 38. Rb2 Nb1 39. Qc1 Qa4 1-0


[Site "https://www.chess.com"]

[Event "Titled Tuesday Blitz July 4 Early 2023"]
[White "Karamsetty, Jeevan"]
[Black "Andreikin, Dmitry"]
[WhiteFideId "2025337"]
[BlackFideId "4158814"]
[WhiteElo "2517"]
[BlackElo "3001"]
[Result "1-0"]
[Round "1"]
[TimeControl "180+2"]
[Date "2023.07.04"]
[WhiteClock "0:00:11"]
[BlackClock "0:00:14"]
[Board "14"]

1. e4 c5 2. Nc3 Nc6 3. Bb5 Nd4 4. Bc4 e6 5. Nge2 Ne7 6. Nxd4 cxd4 7. Ne2 Nc6 8. O-O d5 9. exd5 exd5 10. Bb5 Bc5 11. c3 dxc3 12. bxc3 O-O 13. d4 Bd6 14. Ng3 Qh4 15. Bd3 Ne7 16. a4 Bg4 17. Qc2 Rac8 18. Ba3 Rfd8 19. Bxd6 Rxd6 20. Rfe1 Be6 21. Qb2 Rc7 22. Re5 g6 23. Rae1 Rdc6 24. Ne2 Qf6 25. Bb5 Rd6 26. Qa3 Rd8 27. Ng3 Rdc8 28. R5e3 h5 29. Nf1 Nf5 30. Rf3 Qg5 31. Ng3 Ng7 32. Qb2 h4 33. Nf1 Nf5 34. h3 Nd6 35. Nd2 Bf5 36. Re5 Ne4 37. Nxe4 dxe4 38. Re3 Qf4 39. Qb4 b6 40. Re7 Kg7 41. d5 Rxe7 42. Qxe7 Rc5 43. c4 a5 44. Be8 Bc8 45. Rxe4 Qc1+ 46. Kh2 Bf5 47. Qxf7+ Kh6 48. Rxh4+ Kg5 49. Qe7# 1-0


[Site "https://www.chess.com"]

[Event "Titled Tuesday Blitz July 4 Early 2023"]
[White "Makarian, Rudik"]
[Black "Lehtosaari, Mauri"]
[WhiteFideId "44105681"]
[BlackFideId "501999"]
[WhiteElo "3000"]
[BlackElo "2517"]
[Result "1-0"]
[Round "1"]
[TimeControl "180+2"]
[Date "2023.07.04"]
[WhiteClock "0:00:58"]
[BlackClock "0:00:01"]
[Board "15"]

1. d4 d5 2. c4 c6 3. Nf3 Nf6 4. Nc3 dxc4 5. a4 Bf5 6. Ne5 Nbd7 7. Nxc4 Nb6 8. Ne3 Bg6 9. a5 Nbd5 10. a6 b6 11. Nexd5 Nxd5 12. g3 e6 13. Bg2 Be7 14. O-O O-O 15. e4 Nxc3 16. bxc3 Rc8 17. h4 h6 18. h5 Bh7 19. Be3 Qc7 20. c4 Rfd8 21. Qb3 Kh8 22. Rfd1 Bf6 23. Rac1 c5 24. dxc5 bxc5 25. Qb7 Bd4 26. Bxd4 cxd4 27. c5 Bg8 28. e5 Bh7 29. f4 d3 30. Qxc7 Rxc7 31. Rd2 Bf5 32. c6 g6 33. Rb1 gxh5 34. Rb7 Rdc8 35. Kf2 Kg7 36. Rxc7 Rxc7 37. Rb2 Rc8 38. Ke3 Rd8 39. c7 Rc8 40. Rb7 f6 41. Rxa7 fxe5 42. fxe5 Kf7 43. Rb7 Ke7 44. a7 Kd7 45. Rb8 Rxc7 46. a8=Q 1-0


[Site "https://www.chess.com"]

[Event "Titled Tuesday Blitz July 4 Early 2023"]
[White "Kramnik, Vladimir"]
[Black "Di Nicolantonio, Lucas"]
[WhiteFideId "4101588"]
[BlackFideId "680460"]
[WhiteElo "2992"]
[BlackElo "2514"]
[Result "1-0"]
[Round "1"]
[TimeControl "180+2"]
[Date "2023.07.04"]
[WhiteClock "0:00:21"]
[BlackClock "0:00:06"]
[Board "17"]

1. e4 c6 2. d4 d5 3. Nd2 dxe4 4. Nxe4 Nf6 5. Nxf6+ exf6 6. c3 Bd6 7. Bd3 O-O 8. Ne2 Re8 9. O-O Nd7 10. Ng3 Nf8 11. a4 a5 12. f4 Qc7 13. Kh1 g6 14. Ne4 Be7 15. f5 Bxf5 16. Rxf5 gxf5 17. Ng3 f4 18. Qg4+ Ng6 19. Nh5 Kh8 20. Bxf4 Bd6 21. Bh6 Rg8 22. Nxf6 Nf4 23. Qh4 Nxd3 24. Bf8 Rg7 25. Bxg7+ Kxg7 26. Qg5+ Kf8 27. Nxh7+ Ke8 28. Qe3+ Qe7 29. Qxd3 Qh4 30. g3 Bxg3 31. Qxg3 Qxh7 32. Re1+ Kd7 33. Qg4+ f5 34. Qf3 Re8 35. Rf1 Rf8 36. d5 f4 37. dxc6+ bxc6 38. Qg4+ Qf5 39. Rxf4 Qxg4 40. Rxg4 Rf2 41. Rg2 Rf1+ 42. Rg1 Rf2 43. Rb1 c5 44. Kg1 Rc2 45. h4 Ke6 46. h5 Kf7 47. Rf1+ Kg7 48. Rf2 Rc1+ 49. Kg2 c4 50. Kf3 Ra1 51. Ke4 Rxa4 52. Kd4 Kh6 53. Rh2 1-0


[Site "https://www.chess.com"]

[Event "Titled Tuesday Blitz July 4 Early 2023"]
[White "feuervogel1000000"]
[Black "Paravyan, David"]
[BlackFideId "4194985"]
[WhiteElo "2513"]
[BlackElo "2990"]
[Result "0-1"]
[Round "1"]
[TimeControl "180+2"]
[Date "2023.07.04"]
[WhiteClock "0:00:45"]
[BlackClock "0:01:12"]
[Board "18"]

1. d4 Nf6 2. c4 g6 3. Nc3 d5 4. cxd5 Nxd5 5. e4 Nxc3 6. bxc3 Bg7 7. Bc4 c5 8. Ne2 O-O 9. O-O Nc6 10. Be3 b6 11. f3 Bb7 12. Qd2 Rc8 13. Rac1 cxd4 14. cxd4 Na5 15. Bd3 Qd7 16. h4 Rxc1 17. Rxc1 Rc8 18. h5 e6 19. h6 Bf8 20. Qb2 Rxc1+ 21. Qxc1 Qc6 22. Qa1 Nc4 23. Bc1 b5 24. Qc3 a5 25. a4 Ba6 26. axb5 Qxb5 27. Nf4 Bxh6 28. d5 Bg7 29. Qe1 Qb4 30. Qf1 Bd4+ 31. Kh1 e5 32. Ne2 Ne3 33. Bxe3 Bxd3 34. Bxd4 exd4 35. Qd1 Bxe2 36. Qxe2 a4 37. e5 a3 38. d6 Kf8 39. e6 Qxd6 40. exf7 Kxf7 41. Qc4+ Kf6 42. Qd3 a2 43. Qd1 Qe5 44. Qa1 Qd5 45. Qc1 g5 46. f4 d3 47. fxg5+ Kg6 48. Qf1 Qd4 49. Qe1 a1=Q 0-1


[Site "https://www.chess.com"]

[Event "Titled Tuesday Blitz July 4 Early 2023"]
[White "Terry, Renato"]
[Black "Jovic, Stanoje"]
[WhiteFideId "3803457"]
[BlackFideId "905020"]
[WhiteElo "2989"]
[BlackElo "2512"]
[Result "1-0"]
[Round "1"]
[TimeControl "180+2"]
[Date "2023.07.04"]
[WhiteClock "0:02:09"]
[BlackClock "0:00:00"]
[Board "19"]

1. e4 c6 2. Nf3 d5 3. exd5 cxd5 4. Ne5 g6 5. d4 f6 6. Bb5+ Nd7 7. Nd3 Bg7 8. Nf4 a6 9. Ne6 Qa5+ 10. Bd2 Qxb5 11. Nc7+ Kf7 12. Nxb5 axb5 13. Nc3 b6 14. Nxb5 Bb7 15. O-O Nh6 16. Bxh6 Bxh6 17. Re1 Rhe8 18. Nc7 1-0


[Site "https://www.chess.com"]

[Event "Titled Tuesday Blitz July 4 Early 2023"]
[White "Principe, Alexander"]
[Black "Oparin, Grigoriy"]
[WhiteFideId "3804542"]
[BlackFideId "24125890"]
[WhiteElo "2512"]
[BlackElo "2979"]
[Result "0-1"]
[Round "1"]
[TimeControl "180+2"]
[Date "2023.07.04"]
[WhiteClock "0:00:48"]
[BlackClock "0:01:20"]
[Board "20"]

1. e4 c5 2. Nf3 e6 3. d4 cxd4 4. Nxd4 Nf6 5. Bd3 Nc6 6. Nxc6 bxc6 7. c4 e5 8. O-O Bc5 9. Nc3 O-O 10. Qe2 d6 11. Be3 Bd4 12. Qd2 Ng4 13. Bxd4 exd4 14. Ne2 c5 15. h3 Ne5 16. f4 Nxd3 17. Qxd3 Re8 18. g4 Qh4 19. Kg2 Bb7 20. Ng3 Re6 21. Rae1 Rae8 22. Re2 g6 23. f5 Re5 24. Kh2 Qe7 25. Rfe1 a5 26. b3 a4 27. bxa4 Ba6 28. Rb2 d5 29. Rb6 dxc4 30. Qf3 Qa7 31. fxg6 hxg6 32. Rf1 R5e6 33. Rxe6 Rxe6 34. h4 c3 35. Rc1 Qe7 36. h5 Qg5 37. Rb1 c2 38. Rb8+ Kg7 0-1


[Site "https://www.chess.com"]

[Event "Titled Tuesday Blitz July 4 Early 2023"]
[White "Korobov, Anton"]
[Black "Korkmaz, Necmettin"]
[WhiteFideId "14105730"]
[BlackFideId "6303285"]
[WhiteElo "2976"]
[BlackElo "2512"]
[Result "1-0"]
[Round "1"]
[TimeControl "180+2"]
[Date "2023.07.04"]
[WhiteClock "0:02:40"]
[BlackClock "0:01:12"]
[Board "21"]

1. d4 d5 2. Nf3 Nf6 3. c4 c6 4. Nc3 e6 5. Bg5 Nbd7 6. e3 Qa5 7. cxd5 Nxd5 8. Qd2 Bb4 9. Rc1 O-O 10. a3 Be7 11. Nxd5 Qxd2+ 12. Kxd2 exd5 13. Bxe7 Re8 14. Bh4 Nb6 15. Bd3 Bg4 16. Ne5 Bh5 17. g4 Bg6 18. Nxg6 hxg6 19. Bg3 Rac8 20. h4 Na4 21. b3 Nb6 22. a4 Nd7 23. g5 Nf8 24. h5 b6 25. Be5 c5 26. f4 Re6 27. f5 Ree8 28. h6 Rxe5 29. dxe5 Re8 30. hxg7 Kxg7 31. f6+ Kg8 32. Rh2 Rxe5 33. Rch1 Rxg5 34. Rh8# 1-0


[Site "https://www.chess.com"]

[Event "Titled Tuesday Blitz July 4 Early 2023"]
[White "Besedes, Danilo"]
[Black "Indjic, Aleksandar"]
[WhiteFideId "946796"]
[BlackFideId "911925"]
[WhiteElo "2511"]
[BlackElo "2971"]
[Result "0-1"]
[Round "1"]
[TimeControl "180+2"]
[Date "2023.07.04"]
[WhiteClock "0:00:37"]
[BlackClock "0:01:08"]
[Board "22"]

1. Nf3 Nf6 2. g3 b5 3. Bg2 Bb7 4. O-O c5 5. b3 e6 6. Bb2 Be7 7. e3 O-O 8. d4 cxd4 9. Nxd4 Bxg2 10. Kxg2 Qb6 11. Nd2 Nc6 12. c4 a6 13. Qe2 b4 14. Nxc6 Qxc6+ 15. Qf3 Qxf3+ 16. Kxf3 a5 17. Rfd1 Rfc8 18. Ne4 Nxe4 19. Kxe4 d6 20. a4 bxa3 21. Bxa3 Ra6 22. Rd3 g6 23. Kf3 Rcc6 24. Bc1 Bf6 25. Ra4 d5 26. Bd2 dxc4 27. bxc4 h5 28. h4 Kg7 29. Rxa5 Rxa5 30. Bxa5 Rxc4 31. Bb6 Be5 32. Rd2 Kf6 33. Bd8+ Kf5 34. Ke2 f6 35. Kf3 g5 36. hxg5 fxg5 37. Rd7 g4+ 38. Ke2 Rc2+ 39. Rd2 Rc8 40. Bb6 Ke4 41. Ra2 Rc4 42. Ba7 Bf6 43. Bb6 h4 44. gxh4 Bxh4 45. Ba7 Bf6 46. Bb8 Rb4 47. Bg3 Bc3 48. Bd6 Rb6 49. Bg3 Rb1 50. Ra4+ Bb4 51. Rxb4+ Rxb4 52. Kf1 Kf3 53. Kg1 Rb1+ 54. Kh2 Rf1 55. Bh4 Rxf2+ 56. Bxf2 Kxf2 0-1


[Site "https://www.chess.com"]

[Event "Titled Tuesday Blitz July 4 Early 2023"]
[White "Kollars, Dmitrij"]
[Black "Namitbir Singh Walia"]
[WhiteFideId "12909572"]
[BlackFideId "35071068"]
[WhiteElo "2952"]
[BlackElo "2511"]
[Result "1-0"]
[Round "1"]
[TimeControl "180+2"]
[Date "2023.07.04"]
[WhiteClock "0:01:25"]
[BlackClock "0:00:14"]
[Board "23"]

1. Nf3 Nf6 2. g3 g6 3. Bg2 Bg7 4. O-O O-O 5. d4 d5 6. c3 c5 7. dxc5 a5 8. a4 Na6 9. Be3 Ne4 10. Na3 Naxc5 11. Nb5 e5 12. Nd2 Nxd2 13. Qxd2 Nb3 14. Qxd5 Nxa1 15. Rxa1 Qxd5 16. Bxd5 Rd8 17. Nc7 Bh3 18. Nxa8 Rxd5 19. Nb6 Rd8 20. Nc4 Rd5 21. f3 Bf8 22. Kf2 f5 23. Bb6 Bc5+ 24. Bxc5 Rxc5 25. b3 f4 26. Rc1 Be6 27. Nd2 Rd5 28. Ne4 Kg7 29. b4 b5 30. Nc5 Bf7 31. axb5 axb4 32. cxb4 Rd2 33. b6 Rd6 34. b7 Rb6 35. Rd1 1-0


[Site "https://www.chess.com"]